 Dungeon Crawl Stone Soup version 0.32-a0-43-g058985b245 (webtiles) character file.

Game seed: 17361268779095453624

238 cforsyth the Trooper (level 6, -12/48 HPs)
             Began as a Djinni Warper on Feb 4, 2024.
             Mangled by a wyvern (19 damage)
             ... on level 4 of the Dungeon.
             The game lasted 00:03:44 (3262 turns).

cforsyth the Trooper (Djinni Warper)                Turns: 3262, Time: 00:03:45

Health: -12/48     AC: -3    Str: 10    XL:     6   Next: 28%
Gold:   205        EV: 11    Int: 16    God:
                   SH:  0    Dex: 13

rFire   + + .        t - +3 falchion "Taipn" {protect, *Corrode rElec rC++ rN+}
rCold   + . .        (no shield)
rNeg    + . .        b - +0 leather armour
rPois   ∞            l - +0 helmet
rElec   +            (no cloak)
rCorr   .            (no gloves)
SInv    .            (boots unavailable)
Will    +....        (no amulet)
Stlth   +            o - ring of willpower
HPRegen 0.28/turn    v - ring of wizardry
MPRegen 0.00/turn

%: corrode self (3%), wizardry (x1), infuse magic (-13 HP)
@: corroded, flying
A: sickness immunity, fire resistance 2, cold vulnerability 1, float, innate
caster, HP casting, extra vitality 1
a: no special abilities


You were on level 4 of the Dungeon.
You visited 1 branch of the dungeon, and saw 4 of its levels.

You collected 205 gold pieces.

Inventory:

Hand Weapons
 a - a +0 falchion
 t - the +3 falchion "Taipn" (weapon) {protect, *Corrode rElec rC++ rN+}
   (You found it on level 3 of the Dungeon)

   rC++:      It greatly protects you from cold.
   rElec:     It insulates you from electricity.
   rN+:       It protects you from negative energy.
   *Corrode:  It may corrode you when you take damage.
Missiles
 d - 6 darts of dispersal
 e - 14 poisoned darts
Armour
 b - a +0 leather armour (worn)
 l - a +0 helmet (worn)
Jewellery
 o - a ring of willpower (left hand)
 v - a ring of wizardry (right hand)
Scrolls
 c - 2 scrolls of blinking
 f - a scroll of teleportation {unknown}
 g - 3 scrolls of identify
 h - a scroll of torment {unknown}
 i - a scroll of fear {unknown}
 p - a scroll of immolation {unknown}
 q - 2 scrolls of fog {unknown}
 r - a scroll of enchant weapon {unknown}
 u - a scroll of poison {unknown}
 w - a scroll of revelation {unknown}
 y - a scroll of enchant armour {unknown}
 z - a scroll of vulnerability {unknown}
Potions
 j - 2 potions of mutation
 k - a potion of haste {unknown}
 m - a potion of berserk rage {unknown}
 n - a potion of ambrosia {unknown}
 s - a potion of enlightenment {unknown}
 x - 2 potions of degeneration {unknown}


   Skills:
 + Level 4.6 Fighting
 - Level 1.7 Long Blades
 - Level 0.7 Throwing
 - Level 1.0 Armour
 - Level 2.1 Dodging
 + Level 4.2 Spellcasting
 + Level 4.2 Conjurations
 + Level 4.2 Hexes
 + Level 4.2 Summonings
 + Level 4.2 Necromancy
 + Level 4.2 Translocations
 + Level 4.2 Fire Magic
 + Level 4.2 Ice Magic
 + Level 4.2 Air Magic
 + Level 4.2 Earth Magic
 + Level 4.2 Alchemy


You knew the following spells:

 Your Spells              Type           Power      Damage    Failure   Level
a - Blink                 Tloc           34%        N/A       2%          2
b - Lesser Beckoning      Tloc           34%        N/A       2%          2
c - Teleport Other        Tloc           17%        N/A       4%          3
d - Manifold Assault      Tloc           17%        N/A       16%         4
e - Vhi's Electric Charg  Tloc/Air       34%        N/A       16%         4
f - Freeze                Ice            68%        1d8       1%          1
g - Scorch                Fire           34%        2d6       2%          2
Your spell library was empty.

Dungeon Overview and Level Annotations

Branches:
Dungeon (4/15)
 Temple: D:4-7

Altars:

Shops:
D:3 :


Innate Abilities, Weirdness & Mutations

You are immune to sickness and miasma.
You are immune to poison.
Your flesh is very heat resistant. (rF++)
You are vulnerable to cold. (rC-)
You float through the air rather than walking.
You learn spells naturally, not from books.
Your magical power is your life essence.
You have superior vitality. (+4 MHP)


Message History

The jackal barely misses you.
The jackal bites you but does no damage.
The jackal closely misses you.
Casting: Freeze (safe; 1% risk of failure)
Confirm with . or Enter, or press ? or * to list all spells.
Aiming: Freeze (safe; 1% risk of failure)
Press: ? - help, Shift-Dir - straight line, f/p - wyvern
Aim: a wyvern (severely wounded)
You freeze the wyvern.
The wyvern is severely wounded.
The wyvern barely misses you.
The jackal bites you but does no damage. x2
The jackal barely misses you.
Casting: Freeze (safe; 1% risk of failure)
Confirm with . or Enter, or press ? or * to list all spells.
Aiming: Freeze (safe; 1% risk of failure)
Press: ? - help, Shift-Dir - straight line, f/p - wyvern
Aim: a wyvern (severely wounded)
You freeze the wyvern.
The wyvern is severely wounded.
The wyvern bites you!
* * * LOW HITPOINT WARNING * * *
Your corrosive artefact corrodes you!
The jackal barely misses you. The jackal closely misses you.
The jackal bites you.
* * * LOW HITPOINT WARNING * * *
The wyvern closely misses you.
Casting: Freeze (safe; 1% risk of failure)
Confirm with . or Enter, or press ? or * to list all spells.
Aiming: Freeze (safe; 1% risk of failure)
Press: ? - help, Shift-Dir - straight line, f/p - wyvern
Aim: a wyvern (severely wounded)
You freeze the wyvern.
The wyvern is almost dead.
* * * LOW HITPOINT WARNING * * *
The jackal misses you. The jackal bites you.
* * * LOW HITPOINT WARNING * * *
Your corrosive artefact corrodes you!
The jackal bites you.
* * * LOW HITPOINT WARNING * * *
The wyvern bites you!!
You die...

..###### #..###...##. ..##..<#
######...### .......#
#........... .......+.
#........... .......#..
#........... .......#...
#........... #.##.####...
############'####. ####.#
##....###h...####.##...##. ...
.......Bh@................
.............kh................
..........................
..........................
..........................
..........................
##########################


You could see a wyvern, 3 jackals and a giant cockroach.

Vanquished Creatures
  2 bombardier beetles (D:4)
  4 gnolls (D:4)
  5 adders
  A shadow imp (D:3)
  2 ribbon worms
  2 dart slugs
  6 ball pythons
  4 endoplasms
  2 giant cockroaches
  8 goblins
  8 hobgoblins
  A jackal (D:4)
  4 quokkas
  10 bats
  2 frilled lizards (D:1)
  5 kobolds
  3 rats
69 creatures vanquished.

Vanquished Creatures (others)
  A ball python (D:1)
1 creature vanquished.

Grand Total: 70 creatures vanquished

Notes
Turn   | Place    | Note
-------+----------+-------------------------------------------
     0 | D:1      | cforsyth the Djinni Warper began the quest for the Orb.
     0 | D:1      | cforsyth set off with the following spells memorised:
                  | Blink, Lesser Beckoning, Teleport Other, Manifold Assault,
                  | Vhi's Electric Charge.
     0 | D:1      | Reached XP level 1. HP: 18/18 MP: 0/0
   241 | D:1      | Reached XP level 2. HP: 20/23 MP: 0/0
   780 | D:1      | Reached XP level 3. HP: 29/29 MP: 0/0
   780 | D:1      | Learned a level 1 spell: Freeze
  1770 | D:2      | Reached XP level 4. HP: 33/35 MP: 0/0
  2239 | D:3      | Found Sasusomu's Book Emporium.
  2381 | D:3      | Identified the +3 falchion "Taipn" {protect, *Corrode rElec
                  | rC++ rN+}
  2440 | D:3      | Reached XP level 5. HP: 7/41 MP: 0/0
  2440 | D:3      | Learned a level 2 spell: Scorch
  2908 | D:4      | Reached XP level 6. HP: 40/48 MP: 0/0
  3250 | D:4      | Noticed a wyvern
  3262 | D:4      | Mangled by a wyvern

Illustrated notes

Levels and vault maps discovered:
D:1:      dpeg_arrival_morbid_curiosity, layout_basic, minmay_misc_feat_encased,
          minivault_26, lemuel_flame_loot_1
D:2:      layout_loops_ring
D:3:      layout_rooms, serial_shops, shop
D:4:      layout_gridville, eat_drink_and_be_merry_uskayaw

Skill      XL: |  1  2  3  4  5 |
---------------+----------------+-----
Spellcasting   | 3 4 |  4.2
Conjurations   | 3 4 |  4.2
Hexes          | 3 4 |  4.2
Summonings     | 3 4 |  4.2
Necromancy     | 3 4 |  4.2
Translocations | 3 4 |  4.2
Fire Magic     | 3 4 |  4.2
Ice Magic      | 3 4 |  4.2
Air Magic      | 3 4 |  4.2
Earth Magic    | 3 4 |  4.2
Alchemy        | 3 4 |  4.2
Fighting       | 3 4 |  4.6
Long Blades    | |  1.7
Throwing       | |  0.7
Armour         | |  1.0
Dodging        | |  2.1

Action                     |  1- 3 |  4- 6 || total
---------------------------+-------+-------++-------
  Melee: Falchion          |    91 |     9 ||   100
  Throw: Dart              |     1 |       ||     1
   Cast: Freeze            |    14 |    30 ||    44
         Scorch            |       |    30 ||    30
    Use: Scroll            |       |     1 ||     1
 Armour: Leather armour    |    87 |    40 ||   127
  Dodge: Dodged            |    87 |    38 ||   125

Table legend: (Time is in decaauts)
 A = Elapsed time spent in this place.
 B = Non-inter-level travel time spent in this place.
 C = Inter-level travel time spent in this place.
 D = Time resting spent in this place.
 E = Time spent auto-exploring this place.
 F = Levels seen in this place.
 G = Mean time per level.
                   A        B        C        D        E       F      G
               +--------+--------+--------+--------+--------+-----+--------+
         Total |   3281 |   3174 |    107 |    144 |   2555 |   4 |  820.2 |
       Dungeon |   3281 |   3174 |    107 |    144 |   2555 |   4 |  820.2 |
               +--------+--------+--------+--------+--------+-----+--------+

Top non-repeatable levels by time:
     D:1: 1425 daAuts
     D:2: 813 daAuts
     D:4: 527 daAuts
     D:3: 515 daAuts
